[Event "January 9 Early 2024"]
[Site "https://www.chess.com"]
[Date "2024.01.11"]
[Round "11"]
[White "Krzywda, Andrzej"]
[Black "Coca Cubillos, Jesus Alberto"]
[Result "0-1"]
[Board "100"]
[TimeControl "180+1"]
[WhiteFideId "1114565"]
[BlackFideId "4462912"]
[WhiteElo "2394"]
[BlackElo "2561"]
[WhiteTeam "POL"]
[BlackTeam "COL"]
[WhiteClock "0:00:02"]
[BlackClock "0:00:51"]

1. e4 g6 2. d4 Bg7 3. Nc3 d6 4. Be3 Nc6 5. Qd2 e5 6. d5 Nce7 7. O-O-O a6 8. f3 f5 9. Kb1 Nf6 10. Bh6 O-O 11. Bxg7 Kxg7 12. Nh3 h6 13. Nf2 b5 14. exf5 gxf5 15. g4 b4 16. g5 bxc3 17. gxf6+ Rxf6 18. Qxc3 Bb7 19. Bc4 Kh8 20. Rhg1 Ng6 21. Nd3 f4 22. Rxg6 Rxg6 23. Nxf4 Rf6 24. Ne6 Qe7 25. Qe3 Bc8 26. Nd4 Bd7 27. Re1 Qf7 28. Ne2 Rg8 29. Ng3 Rg5 30. Ne4 Rxf3 31. Nxg5 hxg5 32. Qxg5 Bf5 33. Bb3 Bg6 34. Qh4+ Kg7 35. Qg4 Rf1 36. Qd1 Rf2 37. Rg1 Qf5 38. a3 Rxh2 39. Ka2 Rf2 40. Qe1 e4 41. Qc3+ Qe5 42. Qxc7+ Rf7 43. Qd8 e3 44. c4 Rf2 45. Rb1 Bxb1+ 0-1

[Event "January 9 Early 2024"]
[Site "https://www.chess.com"]
[Date "2024.01.11"]
[Round "11"]
[White "Shuvalova, Polina"]
[Black "Szyszylo, Rafal"]
[Result "1-0"]
[Board "101"]
[TimeControl "180+1"]
[WhiteFideId "24171760"]
[BlackFideId "1109626"]
[WhiteElo "2710"]
[BlackElo "2392"]
[WhiteTeam "RUS"]
[BlackTeam "POL"]
[WhiteClock "0:00:07"]
[BlackClock "0:00:01"]

1. e4 d6 2. d4 Nf6 3. Nc3 g6 4. Nf3 Bg7 5. Be3 c6 6. Qd2 b5 7. a3 a5 8. Bd3 O-O 9. O-O e5 10. dxe5 dxe5 11. Nxe5 Nxe4 12. Nxe4 Bxe5 13. Bg5 Qc7 14. h3 Nd7 15. Rae1 f5 16. Ng3 Nc5 17. f4 Bd6 18. Qc3 Be6 19. Kh1 Rae8 20. Re3 Bd5 21. Be2 Ne4 22. Nxe4 Bxe4 23. Bf3 Bxf3 24. Rexf3 b4 25. axb4 Bxb4 26. Qc4+ Qf7 27. Qxc6 Re2 28. R3f2 1-0

[Event "January 9 Early 2024"]
[Site "https://www.chess.com"]
[Date "2024.01.11"]
[Round "11"]
[White "Chan, Wei Xuan Timothy"]
[Black "Anton Guijarro, David"]
[Result "0-1"]
[Board "102"]
[TimeControl "180+1"]
[WhiteFideId "5802032"]
[BlackFideId "2285525"]
[WhiteElo "2717"]
[BlackElo "2971"]
[WhiteTeam "SGP"]
[BlackTeam "ESP"]
[WhiteClock "0:00:06"]
[BlackClock "0:00:54"]

1. e4 g6 2. d4 Bg7 3. Nc3 c6 4. Be3 d5 5. Nf3 dxe4 6. Nxe4 Nf6 7. Nxf6+ exf6 8. Qd2 O-O 9. O-O-O Na6 10. h4 Bg4 11. Kb1 Nc7 12. Be2 Nd5 13. Nh2 Bxe2 14. Qxe2 Re8 15. h5 f5 16. Qd3 Nxe3 17. fxe3 Qg5 18. hxg6 hxg6 19. Nf3 Qxe3 20. Qc4 Rad8 21. a3 Qe2 22. Qb3 b5 23. Ng5 Qc4 24. Qh3 Rxd4 25. Rde1 Rdd8 26. Qh7+ Kf8 27. Qh2 Qd4 28. c3 Qd3+ 29. Ka1 Rxe1+ 30. Rxe1 Qd2 31. Nf3 Qd6 32. Qh4 Re8 33. Rh1 a5 34. Ng5 b4 35. Qc4 Qd5 36. Qxd5 cxd5 37. axb4 axb4 38. cxb4 Rb8 39. Ka2 Rxb4 40. b3 Rg4 41. Nf3 Rxg2+ 42. Ka3 Rg3 43. Nd2 f4 44. Ka4 Bc3 45. Nb1 Be5 46. b4 f3 47. Rf1 Bd4 48. b5 f2 49. Nd2 Rg1 50. Ka5 Bc3+ 51. Ka6 Bxd2 52. Rxf2 Ra1+ 53. Kb7 Be3 0-1

[Event "January 9 Early 2024"]
[Site "https://www.chess.com"]
[Date "2024.01.11"]
[Round "11"]
[White "Kraiouchkine, Nikita"]
[Black "Gavrilov, Maxim"]
[Result "1/2-1/2"]
[Board "103"]
[TimeControl "180+1"]
[WhiteFideId "2607140"]
[BlackFideId "24271454"]
[WhiteElo "2624"]
[BlackElo "2469"]
[WhiteTeam "CAN"]
[BlackTeam "RUS"]
[WhiteClock "0:00:55"]
[BlackClock "0:00:16"]

1. e4 c5 2. Nf3 d6 3. d4 cxd4 4. Nxd4 Nf6 5. Nc3 a6 6. Bc4 e6 7. O-O Be7 8. Bb3 O-O 9. f4 b5 10. f5 e5 11. Nde2 Bb7 12. Ng3 Nc6 13. Nh5 Nd4 14. Nxf6+ Bxf6 15. Bd5 Qb6 16. Kh1 Rac8 17. Be3 b4 18. Ne2 Bxd5 19. exd5 Qb5 20. Nxd4 exd4 21. Bxd4 Bxd4 22. Qxd4 Rxc2 23. f6 Qe2 24. Rg1 Rxb2 25. Rae1 Qf2 26. Qxf2 Rxf2 27. Rgf1 Rxf6 28. Rxf6 gxf6 29. h3 Rc8 30. Re2 Rc5 31. Rd2 Kg7 32. Kh2 f5 33. Kg3 Kf6 34. Kf4 Rc4+ 35. Ke3 Ke5 36. Kf3 Rf4+ 37. Kg3 Rd4 38. Re2+ Kxd5 39. Re7 Rd2 40. Rxf7 Ke6 41. Rxh7 Rxa2 42. Rb7 a5 43. h4 Ra1 44. h5 Rh1 45. Rb5 Rxh5 46. Kf3 Rh8 47. Rxa5 Rb8 48. Ra2 b3 49. Rb2 Ke5 50. Ke3 d5 51. Kd3 Kf4 52. Kd4 Rb5 53. Rf2+ Kg3 54. Rb2 f4 55. Ke5 Kg4 56. Kd4 Kf5 57. Kc3 Ke4 58. Re2+ Kf5 59. Rb2 Rb8 60. Kd4 Rb5 61. Kc3 1/2-1/2

[Event "January 9 Early 2024"]
[Site "https://www.chess.com"]
[Date "2024.01.11"]
[Round "11"]
[White "Von Buelow, Georg"]
[Black "Petrukhina, Olga"]
[Result "1-0"]
[Board "104"]
[TimeControl "180+1"]
[WhiteFideId "4620658"]
[BlackFideId "13703935"]
[WhiteElo "2149"]
[BlackElo "2267"]
[WhiteTeam "GER"]
[BlackTeam "KAZ"]
[WhiteClock "0:00:17"]
[BlackClock "0:00:02"]

1. e4 e6 2. d4 d5 3. Nc3 dxe4 4. Nxe4 Nd7 5. Nf3 Ngf6 6. Nxf6+ Nxf6 7. Bd3 Bd6 8. Bg5 h6 9. Bxf6 Qxf6 10. Qe2 Bd7 11. Be4 Rb8 12. O-O-O Bc6 13. Kb1 O-O 14. Rhe1 a5 15. g3 a4 16. a3 Bxe4 17. Qxe4 b5 18. c3 Rfd8 19. Re2 c5 20. dxc5 Bxc5 21. Rxd8+ Rxd8 22. Kc2 Rd5 23. h4 Qd8 24. Ne5 Bd6 25. Nd3 Be7 26. Qe3 Bf6 27. Nb4 Rd6 28. Rd2 Rxd2+ 29. Qxd2 Qb6 30. Nd3 Qc6 31. Qe2 Qc4 32. Nc1 Qd5 33. Qd2 Qh1 34. Qe2 1-0

[Event "January 9 Early 2024"]
[Site "https://www.chess.com"]
[Date "2024.01.11"]
[Round "11"]
[White "Kanyamarala, Tarun"]
[Black "Hoffmann, Asa"]
[Result "1-0"]
[Board "105"]
[TimeControl "180+1"]
[WhiteFideId "45004714"]
[BlackFideId "2001470"]
[WhiteElo "2512"]
[BlackElo "2378"]
[WhiteTeam "IRL"]
[BlackTeam "USA"]
[WhiteClock "0:00:15"]
[BlackClock "0:00:25"]

1. b3 d6 2. Bb2 e5 3. g3 c6 4. Bg2 Nf6 5. Nf3 Be6 6. O-O h6 7. e4 Qd7 8. Re1 Bh3 9. Bh1 Be7 10. d4 exd4 11. Nxd4 O-O 12. c4 Re8 13. Nc3 Bf8 14. Qd2 a5 15. Rad1 Na6 16. Qc2 Nc5 17. a3 Qc7 18. Bg2 Bxg2 19. Kxg2 Rad8 20. Nf5 Re6 21. b4 axb4 22. axb4 Na6 23. b5 Nc5 24. f3 g6 25. Nd4 Ree8 26. Nce2 Bg7 27. Ba1 Ra8 28. Nb3 cxb5 29. cxb5 Qb6 30. Ned4 Rac8 31. Qb1 Nfd7 32. f4 Nf6 33. Kf3 h5 34. Bc3 Ncxe4 35. Ba5 Rc3+ 36. Kg2 Qa7 37. Bxc3 Nxc3 38. Rxe8+ Nxe8 39. Qa1 Qb6 40. Qxc3 Nf6 41. Qf3 d5 42. f5 Ne4 43. fxg6 fxg6 44. Rf1 Kh7 45. Qf7 Qa7 46. Ne6 Qa2+ 47. Kh1 Qb2 48. Nbd4 Ng5 49. Qxg7# 1-0

[Event "January 9 Early 2024"]
[Site "https://www.chess.com"]
[Date "2024.01.11"]
[Round "11"]
[White "Demchenko, Anton"]
[Black "Nakamura, Hikaru"]
[Result "0-1"]
[Board "106"]
[TimeControl "180+1"]
[WhiteFideId "4160258"]
[BlackFideId "2016192"]
[WhiteElo "2941"]
[BlackElo "3245"]
[WhiteTeam "SLO"]
[BlackTeam "USA"]
[WhiteClock "0:00:01"]
[BlackClock "0:01:02"]

1. e4 a6 2. d4 h6 3. c4 Nc6 4. d5 Na7 5. f4 e6 6. Nf3 b5 7. Nc3 b4 8. Na4 c5 9. d6 Nf6 10. e5 Ne4 11. Bd3 Bb7 12. Qe2 Bc6 13. Bxe4 Bxa4 14. Bxa8 Qxa8 15. Be3 g5 16. Bxc5 gxf4 17. O-O Rg8 18. Qf2 Nc8 19. Qd4 h5 20. Qxf4 Rg4 21. Qe3 Bc6 22. b3 Bg7 23. Rae1 a5 24. h3 Rg6 25. Rf2 Bh6 26. Qd3 Rg7 27. Kf1 Bf4 28. Be3 Bg3 29. Ree2 Be4 30. Qd4 Bxf2 31. Rxf2 a4 32. Ng5 Bg6 33. bxa4 Qxa4 34. Rd2 Bb1 35. Qc5 Qa6 36. Qxb4 Bxa2 37. Kf2 Rg6 38. Ne4 Kf8 39. Nf6 Qc6 40. Kg1 Bxc4 41. Rf2 Bd5 42. Qd2 Kg7 43. Nxh5+ Kh8 44. Nf6 Nb6 45. Bd4 Kg7 46. Qe2 Qc1+ 47. Kh2 Bxg2 48. Rxg2 Qf4+ 49. Kh1 Qxd4 50. Rxg6+ fxg6 51. Qg4 Qxe5 52. Ne8+ Kf7 53. Nc7 Qxd6 54. Qf3+ Ke7 55. Na6 Qd5 56. Kg2 Qa2+ 0-1

[Event "January 9 Early 2024"]
[Site "https://www.chess.com"]
[Date "2024.01.11"]
[Round "11"]
[White "Gopal, K.N."]
[Black "Dyulgerov, Volen"]
[Result "1-0"]
[Board "107"]
[TimeControl "180+1"]
[WhiteFideId "5001447"]
[BlackFideId "2918978"]
[WhiteElo "2251"]
[BlackElo "2349"]
[WhiteTeam "IND"]
[BlackTeam "BUL"]
[WhiteClock "0:00:16"]
[BlackClock "0:00:01"]

1. e4 c5 2. c4 Nc6 3. Nc3 Ne5 4. d3 d6 5. Be2 g6 6. f4 Nc6 7. Nf3 Bg7 8. h3 Nf6 9. O-O h5 10. Be3 Ng4 11. hxg4 hxg4 12. Ng5 f6 13. Bxg4 fxg5 14. fxg5 Nd4 15. Nd5 Nc2 16. Qxc2 Bxg4 17. Qf2 Be5 18. Qf7+ Kd7 19. Qxg6 Bh2+ 20. Kf2 Qf8+ 21. Ke1 Bg3+ 22. Kd2 Qd8 23. Rf7 Qa5+ 24. Kc2 Qa4+ 25. b3 Bd1+ 26. Kxd1 Rh1+ 27. Ke2 Re1+ 28. Rxe1 Qxa2+ 29. Kf3 Re8 30. Kxg3 Qxb3 31. e5 dxe5 32. Nf6+ Kc7 33. Nxe8+ Kb8 1-0

[Event "January 9 Early 2024"]
[Site "https://www.chess.com"]
[Date "2024.01.11"]
[Round "11"]
[White "Duda, Jan-Krzysztof"]
[Black "Keymer, Vincent"]
[Result "0-1"]
[Board "108"]
[TimeControl "180+1"]
[WhiteFideId "1170546"]
[BlackFideId "12940690"]
[WhiteElo "3063"]
[BlackElo "3057"]
[WhiteTeam "POL"]
[BlackTeam "GER"]
[WhiteClock "0:00:01"]
[BlackClock "0:00:12"]

1. Nf3 Nf6 2. c4 e6 3. g3 d5 4. Bg2 d4 5. O-O c5 6. e3 Nc6 7. exd4 cxd4 8. d3 h6 9. Re1 Bd6 10. Na3 O-O 11. Nc2 a5 12. a3 e5 13. Rb1 a4 14. b4 axb3 15. Nb4 Re8 16. Qxb3 Bf5 17. Nd2 Qd7 18. Qc2 Bh3 19. Bh1 Ne7 20. Na2 Rab8 21. a4 Ng6 22. Rb5 Qc7 23. Ne4 Nxe4 24. Bxe4 Bd7 25. Rb1 f5 26. Bd5+ Kh7 27. Bd2 Bc6 28. Qd1 e4 29. Qh5 Re5 30. dxe4 fxe4 31. Qg4 Rbe8 32. Nb4 Bxb4 33. Rxb4 Bxd5 34. cxd5 e3 35. fxe3 dxe3 36. Bc1 Qc3 37. Rxe3 Qxc1+ 0-1

[Event "January 9 Early 2024"]
[Site "https://www.chess.com"]
[Date "2024.01.11"]
[Round "11"]
[White "Laddha, Shubh Jayesh"]
[Black "Matinian, Nikita"]
[Result "0-1"]
[Board "109"]
[TimeControl "180+1"]
[WhiteFideId "30942799"]
[BlackFideId "24129100"]
[WhiteElo "2575"]
[BlackElo "2726"]
[WhiteTeam "USA"]
[BlackTeam "FID"]
[WhiteClock "0:00:04"]
[BlackClock "0:00:15"]

1. e4 c5 2. Nf3 e6 3. d4 cxd4 4. Nxd4 Nc6 5. Nc3 Qc7 6. Be3 a6 7. Qf3 h5 8. Nxc6 Qxc6 9. O-O-O b5 10. Bd3 Bb7 11. Ne2 e5 12. Nc3 Nf6 13. Bg5 Rc8 14. Rhe1 Ba3 15. Nd5 Be7 16. Nxe7 Kxe7 17. Kb1 b4 18. Qg3 d6 19. f4 Qc7 20. fxe5 dxe5 21. Rf1 Rhd8 22. Qh4 Rd6 23. Qxh5 a5 24. Bh4 Re6 25. Qg5 Kf8 26. Be1 Bxe4 27. Bxe4 Nxe4 28. Qc1 Rb6 29. Rf3 a4 30. Bg3 a3 31. Rdf1 f6 32. b3 Nc3+ 33. Ka1 Ne2 34. Qd2 Qxc2 35. Qxc2 Rxc2 36. Bxe5 Rbc6 37. Kb1 Rc1+ 38. Rxc1 Rxc1# 0-1

[Event "January 9 Early 2024"]
[Site "https://www.chess.com"]
[Date "2024.01.11"]
[Round "11"]
[White "Liu, Casper"]
[Black "Haring, Filip"]
[Result "1-0"]
[Board "110"]
[TimeControl "180+1"]
[WhiteFideId "1454153"]
[BlackFideId "14933080"]
[WhiteElo "2528"]
[BlackElo "2698"]
[WhiteTeam "DEN"]
[BlackTeam "SVK"]
[WhiteClock "0:00:08"]
[BlackClock "0:00:01"]

1. Nf3 d5 2. b3 Bg4 3. Bb2 Nd7 4. g3 Bxf3 5. exf3 e6 6. f4 Ngf6 7. Bg2 c6 8. O-O Bc5 9. d3 O-O 10. Nd2 a5 11. Nf3 a4 12. Ne5 Qa5 13. a3 axb3 14. cxb3 Qb6 15. d4 Be7 16. Re1 Ra7 17. b4 g6 18. Nd3 Rfa8 19. Qe2 Bf8 20. Nc5 Bg7 21. Bh3 Qd8 22. Qe3 Nb6 23. Re2 Nc4 24. Qb3 Nd7 25. Nd3 b5 26. Ne5 Qb6 27. Nxf7 Kxf7 28. Bxe6+ Kf8 29. Rae1 Nf6 30. g4 Re8 31. g5 Nh5 32. f5 Nf4 33. fxg6 Rxe6 34. Qf3 Rxe2 35. Rxe2 Rd7 36. Qxf4+ 1-0

[Event "January 9 Early 2024"]
[Site "https://www.chess.com"]
[Date "2024.01.11"]
[Round "11"]
[White "Ezat, Mohamed"]
[Black "Soraas, Torben"]
[Result "1-0"]
[Board "111"]
[TimeControl "180+1"]
[WhiteFideId "10600906"]
[BlackFideId "1503529"]
[WhiteElo "2460"]
[BlackElo "2264"]
[WhiteTeam "EGY"]
[BlackTeam "NOR"]
[WhiteClock "0:00:20"]
[BlackClock "0:00:06"]

1. e4 e6 2. d4 d5 3. Nd2 dxe4 4. Nxe4 Nd7 5. Nf3 Ngf6 6. Nxf6+ Nxf6 7. Bd3 b6 8. Qe2 Bb7 9. Bg5 h6 10. Bh4 Qd5 11. a3 Bd6 12. Bxf6 gxf6 13. Bb5+ Ke7 14. Bc4 Qh5 15. O-O-O Rhg8 16. d5 Rxg2 17. Rd3 b5 18. Bb3 c5 19. dxe6 c4 20. exf7+ Be5 21. Re3 Bxf3 22. Rxf3 cxb3 23. Rd1 Qg5+ 24. Kb1 Rg1 25. cxb3 Rxd1+ 26. Qxd1 Kxf7 27. Qd5+ Kg6 28. Qe4+ Kf7 29. Qxa8 Qd2 30. Qb7+ Kg6 31. Qe4+ Kf7 32. Qc2 Qd5 33. Rd3 Qh1+ 34. Ka2 Qxh2 35. Rd7+ Ke6 36. Qc8 Qxf2 37. Rd2+ 1-0

[Event "January 9 Early 2024"]
[Site "https://www.chess.com"]
[Date "2024.01.11"]
[Round "11"]
[White "Chemin, Justo Reinaldo"]
[Black "Novak, Ratko"]
[Result "0-1"]
[Board "112"]
[TimeControl "180+1"]
[WhiteFideId "2101580"]
[BlackFideId "14511827"]
[WhiteElo "2239"]
[BlackElo "2412"]
[WhiteTeam "BRA"]
[BlackTeam "CRO"]
[WhiteClock "0:00:06"]
[BlackClock "0:00:20"]

1. d4 d5 2. Bf4 c5 3. e3 cxd4 4. exd4 Nc6 5. c3 f6 6. Bd3 g6 7. h4 e5 8. dxe5 fxe5 9. Bg5 Qb6 10. Qb3 Qxb3 11. axb3 Be7 12. Nd2 Bxg5 13. hxg5 e4 14. Bb5 Ne7 15. Ne2 O-O 16. c4 Nb4 17. cxd5 Nc2+ 18. Kd1 Nxa1 19. Nxe4 Kg7 20. d6 Nc6 21. Bxc6 bxc6 22. Nd4 Bf5 23. Nc5 Rae8 24. Kd2 Re5 25. b4 Rd5 26. Kc3 Rxd6 27. Rxa1 Rf7 28. Ra6 Bc8 29. Rxc6 Rxc6 30. Nxc6 Rxf2 31. Nxa7 Bg4 32. b5 Rxg2 33. b6 Bf3 34. Ne6+ Kf7 35. Nd4 Bb7 36. Nab5 Rxg5 37. Nd6+ Ke7 38. Nxb7 Kd7 0-1

[Event "January 9 Early 2024"]
[Site "https://www.chess.com"]
[Date "2024.01.11"]
[Round "11"]
[White "Sarkar, Justin"]
[Black "Glashausser, Sho"]
[Result "1-0"]
[Board "113"]
[TimeControl "180+1"]
[WhiteFideId "2010011"]
[BlackFideId "30908329"]
[WhiteElo "2294"]
[BlackElo "2169"]
[WhiteTeam "USA"]
[BlackTeam "USA"]
[WhiteClock "0:00:12"]
[BlackClock "0:00:15"]

1. e4 c6 2. d4 d5 3. e5 Bf5 4. Nc3 e6 5. g4 Bg6 6. Nge2 c5 7. Be3 Nc6 8. dxc5 Nxe5 9. Nf4 Ne7 10. h4 N7c6 11. h5 Be4 12. Nxe4 dxe4 13. Qxd8+ Rxd8 14. Be2 Nd4 15. Bxd4 Rxd4 16. c3 Rd8 17. b4 Nd3+ 18. Bxd3 exd3 19. O-O-O Be7 20. Nxd3 O-O 21. Kc2 Bf6 22. f4 Rd5 23. Nf2 Rfd8 24. Rxd5 Rxd5 25. Rd1 Rxd1 26. Nxd1 Kf8 27. Nf2 Ke8 28. Ne4 Be7 29. c4 Kd7 30. g5 h6 31. Kd3 Kc6 32. b5+ Kd7 33. Kd4 Kc7 34. a4 Kd7 35. Ke5 Kc7 36. g6 fxg6 37. hxg6 Kd7 38. c6+ bxc6 39. bxc6+ Kxc6 40. Kxe6 Ba3 41. f5 h5 42. f6 gxf6 43. g7 1-0

[Event "January 9 Early 2024"]
[Site "https://www.chess.com"]
[Date "2024.01.11"]
[Round "11"]
[White "Xu, Yi"]
[Black "Berezin, Viktor"]
[Result "1-0"]
[Board "114"]
[TimeControl "180+1"]
[WhiteFideId "8605564"]
[BlackFideId "14107872"]
[WhiteElo "2868"]
[BlackElo "2550"]
[WhiteTeam "CHN"]
[BlackTeam "UKR"]
[WhiteClock "0:00:41"]
[BlackClock "0:00:04"]

1. e4 g6 2. d4 Bg7 3. Nc3 d6 4. Nf3 Nf6 5. Be2 O-O 6. O-O Bg4 7. h3 Bxf3 8. Bxf3 e5 9. dxe5 dxe5 10. Be3 Qe7 11. Nd5 Nxd5 12. Qxd5 c6 13. Bc5 cxd5 14. Bxe7 Re8 15. Ba3 d4 16. c3 Nc6 17. cxd4 exd4 18. Rfd1 Rac8 19. Rac1 Ne5 20. Be2 Nc6 21. Bd3 Ne5 22. Bf1 Nc6 23. Bd3 Ne5 24. Bb5 Rxc1 25. Rxc1 Nc6 26. Bxc6 Rc8 27. Kf1 bxc6 28. Ke2 f5 29. exf5 gxf5 30. Kd3 Kf7 31. Bc5 Ke6 32. Bxa7 Ra8 33. Rxc6+ Kd7 34. Ra6 Be5 35. Ra3 Rg8 36. Bxd4 Bxd4 37. Kxd4 Rxg2 38. Rf3 Ke6 39. a4 Rg1 40. a5 Rd1+ 41. Kc5 Rd5+ 42. Kb6 Ke5 43. a6 Rd2 44. b4 Ke4 45. Re3+ Kd4 46. a7 Ra2 47. Kb7 f4 48. Re7 Re2 49. Rxe2 1-0

[Event "January 9 Early 2024"]
[Site "https://www.chess.com"]
[Date "2024.01.11"]
[Round "11"]
[White "Essing, Arnold"]
[Black "Petersson, Kjell"]
[Result "1-0"]
[Board "115"]
[TimeControl "180+1"]
[WhiteFideId "4619862"]
[BlackFideId "1705148"]
[WhiteElo "2269"]
[BlackElo "2135"]
[WhiteTeam "GER"]
[BlackTeam "SWE"]
[WhiteClock "0:00:18"]
[BlackClock "0:00:08"]

1. d4 f5 2. Nf3 Nf6 3. g3 e6 4. Bg2 d5 5. O-O Bd6 6. c4 c6 7. b3 Qe7 8. Nc3 O-O 9. Na4 Nbd7 10. Nb2 Ne4 11. Nd3 b6 12. Bf4 Bxf4 13. Nxf4 Ba6 14. Rc1 Rac8 15. Re1 Kh8 16. e3 g5 17. Nd3 Rf6 18. Nfe5 Rh6 19. cxd5 exd5 20. Nxd7 Qxd7 21. Ne5 Qe8 22. h3 Rc7 23. Rc2 Bc8 24. Qe2 g4 25. h4 a5 26. Rec1 Bb7 27. Qd1 Qc8 28. Nd3 Ba6 29. Nf4 Rf6 30. Nxd5 Rff7 31. Nxc7 Rxc7 32. d5 c5 33. d6 Rd7 34. Bxe4 fxe4 35. Qd5 Qe8 36. Rc4 Bxc4 37. Rxc4 h5 38. Rxe4 Qg6 39. Re6 Qg7 40. Qxh5+ Qh7 41. Rh6 c4 42. bxc4 b5 43. Qe8+ 1-0

[Event "January 9 Early 2024"]
[Site "https://www.chess.com"]
[Date "2024.01.11"]
[Round "11"]
[White "Tymrakiewicz, Rafal"]
[Black "Adel, Sara"]
[Result "0-1"]
[Board "116"]
[TimeControl "180+1"]
[WhiteFideId "1108832"]
[BlackFideId "10616764"]
[WhiteElo "2382"]
[BlackElo "2242"]
[WhiteTeam "POL"]
[BlackTeam "EGY"]
[WhiteClock "0:00:03"]
[BlackClock "0:00:24"]

1. d4 Nf6 2. Bg5 d6 3. Nc3 Nbd7 4. e4 c5 5. d5 g6 6. Qd2 a6 7. a4 Rb8 8. Be2 Bg7 9. h4 Qa5 10. h5 b5 11. h6 Bf8 12. f3 Ne5 13. Nh3 b4 14. Nd1 c4 15. b3 c3 16. Qd4 Qc5 17. Be3 Qxd4 18. Bxd4 Bxh6 19. Ne3 O-O 20. g4 Nfd7 21. f4 f6 22. g5 fxg5 23. fxe5 dxe5 24. Ba7 Rb7 25. Ng4 Bg7 26. Nxg5 h5 27. Ne6 Rxa7 28. Nxf8 Nxf8 29. Ne3 Bh6 30. Nc4 Nd7 31. O-O Bf4 32. Rf2 Nf6 33. Bd3 Ng4 34. Raf1 Nxf2 35. Rxf2 Bd7 36. Rg2 g5 37. Nb6 Kg7 38. a5 Kg6 39. Bc4 Be3+ 40. Kf1 Bxb6 41. axb6 Rb7 42. Bxa6 Rxb6 43. Bc4 Bh3 44. Ke2 Bxg2 0-1

[Event "January 9 Early 2024"]
[Site "https://www.chess.com"]
[Date "2024.01.11"]
[Round "11"]
[White "So, Wesley"]
[Black "Chigaev, Maksim"]
[Result "1-0"]
[Board "117"]
[TimeControl "180+1"]
[WhiteFideId "5202213"]
[BlackFideId "4108116"]
[WhiteElo "3068"]
[BlackElo "2977"]
[WhiteTeam "USA"]
[BlackTeam "ESP"]
[WhiteClock "0:00:17"]
[BlackClock "0:00:01"]

1. d4 Nf6 2. c4 g6 3. Nc3 Bg7 4. e4 d6 5. Nge2 h5 6. f3 O-O 7. Be3 a6 8. Qd2 b5 9. cxb5 axb5 10. Nxb5 c6 11. Nbc3 Nbd7 12. Nf4 e5 13. dxe5 Nxe5 14. Be2 d5 15. exd5 Nxd5 16. Nfxd5 cxd5 17. Bd4 Qh4+ 18. Bf2 Qb4 19. Rd1 d4 20. Nd5 Qxd2+ 21. Rxd2 Rxa2 22. Bxd4 Ra1+ 23. Bd1 Be6 24. b3 Rb1 25. Nc3 Rc1 26. Ne2 Rb1 27. O-O Rd8 28. Bc2 Rxf1+ 29. Kxf1 Rb8 30. Bd1 Rb7 31. Rb2 Nd3 32. Rb1 Bf5 33. Bxg7 Kxg7 34. Bc2 Rc7 35. Nd4 Nb4 36. Bxf5 gxf5 37. Nxf5+ Kf6 38. Ne3 Kg6 39. Ke2 Ra7 40. Rb2 Ra1 41. Nc2 Nc6 42. Nxa1 1-0

[Event "January 9 Early 2024"]
[Site "https://www.chess.com"]
[Date "2024.01.11"]
[Round "11"]
[White "Shuvalov, Evgenij"]
[Black "Weetik, Vjacheslav"]
[Result "0-1"]
[Board "118"]
[TimeControl "180+1"]
[WhiteFideId "4187237"]
[BlackFideId "4153472"]
[WhiteElo "2534"]
[BlackElo "2747"]
[WhiteTeam "FID"]
[BlackTeam "RUS"]
[WhiteClock "0:00:01"]
[BlackClock "0:00:17"]

1. d4 Nf6 2. c4 e6 3. Nc3 Bb4 4. e3 O-O 5. a3 Bxc3+ 6. bxc3 d6 7. Ne2 c5 8. Ng3 Nc6 9. e4 cxd4 10. cxd4 e5 11. d5 Nd4 12. Bd3 Nd7 13. O-O Nc5 14. Rb1 b6 15. f4 Qh4 16. f5 f6 17. Be3 Ba6 18. Rb4 Rac8 19. Bb1 Nd7 20. Bd3 Rc7 21. Ra4 Nc5 22. Rb4 Rfc8 23. Bb1 Nd7 24. Bd3 Bxc4 25. Bxc4 Rxc4 26. Rxc4 Rxc4 27. Qd3 b5 28. Rb1 Nc5 29. Qf1 a6 30. Bf2 Nxe4 31. Nxe4 Qxe4 32. Re1 Qxd5 33. Bxd4 Qxd4+ 34. Kh1 Rc2 35. Rd1 Rd2 36. Rxd2 Qxd2 37. h3 d5 38. Qb1 e4 39. Qb3 Qc1+ 40. Kh2 Qf4+ 41. g3 Qxf5 0-1

[Event "January 9 Early 2024"]
[Site "https://www.chess.com"]
[Date "2024.01.11"]
[Round "11"]
[White "Krzyzanowski, Marcin"]
[Black "Waldhausen Gordon, Frederick"]
[Result "1-0"]
[Board "119"]
[TimeControl "180+1"]
[WhiteFideId "1132199"]
[BlackFideId "2409143"]
[WhiteElo "2770"]
[BlackElo "2559"]
[WhiteTeam "POL"]
[BlackTeam "SCO"]
[WhiteClock "0:00:14"]
[BlackClock "0:01:03"]

1. e4 c5 2. Nf3 Nc6 3. d4 cxd4 4. Nxd4 Nf6 5. Nc3 e5 6. Ndb5 d6 7. Nd5 Nxd5 8. exd5 Nb8 9. a4 Be7 10. Be2 O-O 11. O-O a6 12. Na3 Nd7 13. Kh1 f5 14. f4 Nf6 15. Nc4 e4 16. Be3 Bd7 17. Nb6 Rb8 18. c4 Qe8 19. b4 Bd8 20. a5 Bxb6 21. axb6 Qg6 22. c5 Rfc8 23. Rc1 Qf7 24. c6 bxc6 25. dxc6 Bxc6 26. Qxd6 Bb7 27. Rc7 Rxc7 28. bxc7 Rc8 29. Rc1 Nd5 30. Bc4 h6 31. Rd1 Rxc7 32. Bxd5 Bxd5 33. Qxd5 Qxd5 34. Rxd5 Rc3 35. Bg1 g6 36. Rd6 Kf7 37. Rxa6 Rb3 38. Ra4 Rb1 39. g3 Ke6 40. Ra5 g5 41. Re5+ Kf6 42. b5 g4 43. b6 h5 44. h3 Kg6 45. hxg4 hxg4 46. Kg2 Rb2+ 47. Bf2 Kf6 48. Kf1 Rb1+ 49. Ke2 Rb2+ 50. Kf1 Rb1+ 51. Be1 Rxb6 52. Bc3 Kg6 53. Ke2 Rb3 54. Rc5 Ra3 55. Rc6+ Kf7 56. Ke3 Ke7 57. Kd4 Rb3 58. Rc5 Ke6 59. Re5+ Kf6 60. Kc4 Ra3 61. Ra5+ Rxc3+ 62. Kxc3 Ke6 63. Kd4 Kf6 64. Ra6+ Ke7 65. Ke5 e3 66. Ra3 e2 67. Re3 Kd7 68. Rxe2 1-0

[Event "January 9 Early 2024"]
[Site "https://www.chess.com"]
[Date "2024.01.11"]
[Round "11"]
[White "Kotlyar, Kirill"]
[Black "Buchenau, Frank"]
[Result "1-0"]
[Board "120"]
[TimeControl "180+1"]
[WhiteFideId "24145599"]
[BlackFideId "4604350"]
[WhiteElo "2570"]
[BlackElo "2398"]
[WhiteTeam "RUS"]
[BlackTeam "GER"]
[WhiteClock "0:00:13"]
[BlackClock "0:00:01"]

1. e4 e6 2. Nf3 d5 3. Nc3 Nf6 4. e5 Nfd7 5. d4 c5 6. dxc5 Nc6 7. Bf4 Bxc5 8. Bd3 f6 9. exf6 Qxf6 10. Bg5 Qf7 11. O-O O-O 12. Bh4 Nf6 13. Qe2 Bd7 14. Rae1 Nd4 15. Nxd4 Bxd4 16. Bg3 Nh5 17. Bd6 Nf4 18. Qd2 Nxd3 19. cxd3 Rfc8 20. Be5 Bxe5 21. Rxe5 b5 22. Rfe1 b4 23. Ne2 a5 24. Nd4 Ra6 25. Qe3 a4 26. h4 a3 27. b3 Rc3 28. h5 h6 29. Nf3 Rac6 30. Qd4 Rc2 31. R5e3 Qxh5 32. Ne5 Rc7 33. Nxd7 Rxd7 34. Rxe6 Rd8 35. Qxb4 Rxa2 36. Qa5 Rf8 37. Rf1 Raxf2 38. Rxf2 Rxf2 39. Kxf2 1-0

[Event "January 9 Early 2024"]
[Site "https://www.chess.com"]
[Date "2024.01.11"]
[Round "11"]
[White "Guzman Lozano, Campo Elias"]
[Black "Delgado Kuffo, Andres"]
[Result "0-1"]
[Board "121"]
[TimeControl "180+1"]
[WhiteFideId "4403746"]
[BlackFideId "3600475"]
[WhiteElo "2167"]
[BlackElo "2292"]
[WhiteTeam "COL"]
[BlackTeam "ECU"]
[WhiteClock "0:00:31"]
[BlackClock "0:00:19"]

1. Nf3 Nf6 2. b3 d5 3. Bb2 Bf5 4. d3 e6 5. g3 h6 6. Bg2 Be7 7. O-O O-O 8. Nbd2 a5 9. c4 c6 10. Ne5 a4 11. bxa4 Qa5 12. cxd5 cxd5 13. Nb3 Qxa4 14. Nd4 Bh7 15. Qxa4 Rxa4 16. Nb5 Rb4 17. Ba3 Rxb5 18. Bxe7 Re8 19. Bxf6 gxf6 20. Ng4 Kg7 21. Rab1 Rxb1 22. Rxb1 Re7 23. Ne3 Nc6 24. Nc2 Rd7 25. Kf1 Kf8 26. Ke1 Ke7 27. Kd2 Kd6 28. e3 Ne5 29. Nb4 Rc7 30. f4 Nc4+ 31. dxc4 Bxb1 32. cxd5 f5 33. a3 Be4 34. Bxe4 fxe4 35. dxe6 Kxe6 36. g4 f6 37. h4 Rg7 38. g5 fxg5 39. fxg5 hxg5 40. hxg5 Rxg5 41. Kc3 Ke5 42. Nc2 Rg2 43. Nd4 Rg3 44. Nc2 Kd5 45. a4 Kc5 46. Kb3 Rg1 47. Kc3 b6 48. Kb3 Rb1+ 49. Kc3 Rc1 50. Kb2 Rxc2+ 51. Kxc2 Kc4 52. Kb2 Kd3 53. Kb3 Kxe3 0-1